 Dungeon Crawl Stone Soup version 0.30-a0-912-ge10d75a369 (webtiles) character file.

Game seed: 5382182626794510712

1001 112233 the Destroyer (level 8, -6/48 HPs)
             Began as a Tengu Conjurer on Mar 19, 2023.
             Killed by divine providence
             ... invoked by an orc priest
              (15 damage)
             ... on level 5 of the Dungeon.
             The game lasted 00:06:09 (6062 turns).

112233 the Destroyer (Tengu Conjurer)               Turns: 6062, Time: 00:06:10

Health: -6/48      AC:  5    Str:  7    XL:     8   Next: 20%
Magic:  12/16      EV: 16    Int: 22    God:
Gold:   278        SH:  0    Dex: 12    Spells: 11/16 levels left

rFire   . . .      SeeInvis .    s - +1 dagger (venom)
rCold   . . .      Faith    .    (no shield)
rNeg    . . .      Spirit   .    a - +0 robe
rPois   .          Reflect  .    (helmet restricted)
rElec   .          Rampage  .    (no cloak)
rCorr   .                        r - +2 pair of gloves {hurl}
Will    .....                    (boots unavailable)
Stlth   ++                       (no amulet)
HPRegen 0.28/turn                (no ring)
MPRegen 0.15/turn                (no ring)

@: flying quickly and evasively, quick
A: beak, talons 3, nimble flight
a: no special abilities


You were on level 5 of the Dungeon.
You visited 1 branch of the dungeon, and saw 5 of its levels.

You collected 278 gold pieces.

Inventory:

Hand Weapons
 n - a +0 rapier
 s - a +1 dagger of venom (weapon)
Missiles
 o - 3 datura-tipped darts
Armour
 a - a +0 robe (worn)
 m - a +1 pair of gloves
 q - a +0 troll leather armour
 r - a +2 pair of gloves of hurling (worn)
Scrolls
 b - a scroll of brand weapon {unknown}
 d - a scroll of poison {unknown}
 h - a scroll of teleportation
 i - a scroll of identify {unknown}
 j - a scroll of vulnerability {unknown}
 k - 2 scrolls of fear {unknown}
 l - a scroll of amnesia {unknown}
Potions
 c - 3 potions of curing
 e - a potion of magic
 f - 2 potions of flight {unknown}
 g - a potion of heal wounds {unknown}
 p - 2 potions of haste {unknown}
 t - 3 potions of cancellation {unknown}
 u - a potion of mutation {unknown}
 v - a potion of resistance {unknown}
 w - a potion of lignification {unknown}


   Skills:
 + Level 4.1 Fighting
 + Level 5.2 Dodging
 - Level 2.1 Stealth
 + Level 4.7 Spellcasting
 + Level 8.3 Conjurations


You had 11 spell levels left.
You knew the following spells:

 Your Spells              Type           Power      Damage    Failure   Level
a - Magic Dart            Conj           100%       1d8       1%          1
b - Searing Ray           Conj           82%        2d7       1%          2
c - Blink                 Tloc           10%        N/A       16%         2

Your spell library contained the following spells:

 Spells                   Type           Power      Damage    Failure   Level
 Momentum Strike          Conj/Tloc      46%        3d9       2%          2
 Dazzling Flash           Conj/Hex       46%        N/A       5%          3
 Sting                    Tmut/Pois      20%        1d4       11%         1
 Summon Small Mammal      Summ           20%        N/A       11%         1
 Lesser Beckoning         Tloc           10%        N/A       16%         2
 Poisonous Vapours        Pois/Air       10%        N/A       16%         2
 Fulminant Prism          Conj/Hex       11%        3d9       19%         4
 Iskenderun's Mystic Bla  Conj/Tloc      23%        2d6       19%         4
 Call Canine Familiar     Summ           5%         N/A       30%         3
 Gell's Gravitas          Tloc           5%         N/A       30%         3
 Summon Guardian Golem    Hex/Summ       5%         N/A       30%         3
 Teleport Other           Tloc           5%         N/A       30%         3
 Olgreb's Toxic Radiance  Pois           5%         N/A       71%         4


Dungeon Overview and Level Annotations

Branches:
Dungeon (5/15)
 Temple: D:4-7

Altars:
Uskayaw

Shops:
D:2 =

Annotations:
D:3 2 runed translucent doors
D:4 exclusion: downstairs


Innate Abilities, Weirdness & Mutations

You have a beak for a mouth.
You have claws for feet.
Your magical nature lets you fly swiftly and evasively.


Message History

Aiming: Magic Dart (safe; 1% risk of failure)
Press: ? - help, Shift-Dir - straight line, f/p - orc priest
Aim: an orc priest, wielding a +0 club and wearing a +0 ring mail (100% to hit)
The magic dart hits the orc priest but does no damage.
The orc priest shouts!
The orc priest miscasts a cantrip.
There are monsters nearby!
There are monsters nearby!
Casting: Magic Dart (safe; 1% risk of failure)
Confirm with . or Enter, or press ? or * to list all spells.
Aiming: Magic Dart (safe; 1% risk of failure)
Press: ? - help, Shift-Dir - straight line, f/p - orc priest
Aim: an orc priest, wielding a +0 club and wearing a +0 ring mail (100% to hit)
The magic dart hits the orc priest.
The orc priest is moderately wounded.
The orc priest calls down the wrath of Beogh upon you.
Beogh smites you!
Casting: Magic Dart (safe; 1% risk of failure)
Confirm with . or Enter, or press ? or * to list all spells.
Aiming: Searing Ray (safe; 1% risk of failure)
Press: ? - help, Shift-Dir - straight line, f - orc priest, p - orc priest
Aim: an orc priest, wielding a +0 flail and wearing a +0 robe (82% to hit)
The searing ray hits the orc priest.
The orc priest is moderately wounded. (Press . to maintain the ray.)
The orc priest casts a cantrip, but nothing happens.
The orc priest calls upon Beogh to heal the orc priest.
The orc priest's wounds heal themselves!
Unknown command.
The orc priest calls upon Beogh to heal the orc priest.
The orc priest's wounds heal themselves!
The orc priest calls down the wrath of Beogh upon you.
Beogh smites you!
The orc priest invokes the aid of Beogh against you.
Pain shoots through your body!
* * * LOW HITPOINT WARNING * * *
There is a stone staircase leading down here.
The orc priest calls down the wrath of Beogh upon you.
Beogh smites you!
You die...

##
#.......#....##..#......#...
##.....##...##...#.....###..
#....####...##..##...## #..
##.####....####.##..... #..
#........#####..#..... ...
#......##....#o..... #..
#...#####.....o..... ..
##.............o.... .
###.....@....#.....
#.......#........
##...####........ ##.##
##....... #.# ##..... ###
.#.## # #


You could see 3 orc priests.

Vanquished Creatures
  Grinder (D:3)
  A black bear (D:4)
  An ogre (D:5)
  A centaur (D:5)
  A phantom (D:4)
  2 howler monkeys (D:4)
  2 hounds (D:4)
  An orc priest (D:4)
  A jelly (D:4)
  An orc wizard (D:4)
  Robin (D:3)
  8 adders
  3 gnolls (D:4)
  A white imp (D:5)
  An ufetubus (D:5)
  A worm (D:3)
  4 dart slugs
  14 orcs
  9 endoplasms
  2 giant cockroaches
  15 goblins
  8 hobgoblins
  4 jackals (D:4)
  5 kobolds
  2 quokkas
  10 ball pythons
  4 bats
  2 frilled lizards (D:1)
  5 rats
111 creatures vanquished.

Vanquished Creatures (others)
  3 fungi (D:3)
3 creatures vanquished.

Grand Total: 114 creatures vanquished

Notes
Turn   | Place    | Note
-------+----------+-------------------------------------------
     0 | D:1      | 112233 the Tengu Conjurer began the quest for the Orb.
     0 | D:1      | Reached XP level 1. HP: 10/10 MP: 4/4
   125 | D:1      | Reached XP level 2. HP: 13/15 MP: 0/6
   586 | D:1      | Reached XP level 3. HP: 19/19 MP: 2/7
  1028 | D:2      | Reached skill level 6 in Conjurations
  1274 | D:2      | Found Ficyid's Jewellery Shop.
  1281 | D:2      | Reached XP level 4. HP: 24/24 MP: 5/9
  1977 | D:3      | Noticed Robin
  1982 | D:2      | Reached skill level 1 in Fighting
  1985 | D:2      | Learned a level 2 spell: Searing Ray
  2350 | D:3      | Killed Robin
  2641 | D:3      | Found a large runed translucent door.
  2642 | D:3      | Found a large runed translucent door.
  3007 | D:3      | Gained mutation: Your magical nature lets you fly swiftly
                  | and evasively. [Tengu growth]
  3007 | D:3      | Reached XP level 5. HP: 29/29 MP: 5/10
  3111 | D:3      | Noticed Grinder
  3119 | D:3      | Killed Grinder
  3120 | D:3      | Reached skill level 7 in Conjurations
  3120 | D:3      | Reached XP level 6. HP: 36/36 MP: 10/12
  3362 | D:4      | Found a hide-covered altar of Uskayaw.
  3608 | D:4      | Reached XP level 7. HP: 33/40 MP: 5/13
  4468 | D:5      | Entered Level 5 of the Dungeon
  4991 | D:4      | Learned a level 2 spell: Blink
  5165 | D:4      | Reached skill level 8 in Conjurations
  5403 | D:5      | Reached skill level 5 in Dodging
  5403 | D:5      | Reached XP level 8. HP: 41/48 MP: 9/15
  5899 | D:5      | Identified the +1 leather armour "Diosoach" {Contam rN++}
  6062 | D:5      | Killed from afar by an orc priest

Illustrated notes

Levels and vault maps discovered:
D:1:      matt_arrival_spirals, layout_rooms, serial_rivers,
          chequers_serial_rivers_small_b, chequers_serial_rivers_small_b,
          chequers_serial_rivers_large_a, chequers_serial_rivers_micro_a,
          chequers_serial_rivers_micro_a
D:2:      layout_loops_ring, serial_shops, shop_statue, kennysheep_small_spiral
D:3:      layout_loops_ring, jmf_multi_god_temple2, dreamdust_mushroom_princess,
          uniq_robin, uniq_grinder
D:4:      layout_gridville, mainiacjoe_overflow_24_doors
D:5:      layout_cave_pools

Skill      XL: |  1  2  3  4  5  6  7  8 |
---------------+-------------------------+-----
Conjurations   | 6 7 8 |  8.3
Fighting       | 1 2 3 4 |  4.1
Spellcasting   | 3 4 |  4.7
Dodging        | 3 4 5 |  5.2
Stealth        | |  2.1

Action                     |  1- 3 |  4- 6 |  7- 9 || total
---------------------------+-------+-------+-------++-------
  Melee: Unarmed           |    10 |       |       ||    10
         Kick              |     5 |     1 |       ||     6
         Peck              |     2 |     1 |       ||     3
         Dagger            |       |     5 |       ||     5
   Cast: Magic Dart        |    59 |    68 |    92 ||   219
         Searing Ray       |       |     6 |    14 ||    20
    Use: Potion            |     1 |     2 |       ||     3
         Scroll            |       |       |     1 ||     1
 Armour: Robe              |     4 |     4 |    16 ||    24
  Dodge: Dodged            |    13 |     5 |    45 ||    63

Table legend: (Time is in decaauts)
 A = Elapsed time spent in this place.
 B = Non-inter-level travel time spent in this place.
 C = Inter-level travel time spent in this place.
 D = Time resting spent in this place.
 E = Time spent auto-exploring this place.
 F = Levels seen in this place.
 G = Mean time per level.
                   A        B        C        D        E       F      G
               +--------+--------+--------+--------+--------+-----+--------+
         Total |   5978 |   5610 |    368 |   1337 |   3680 |   5 | 1195.6 |
       Dungeon |   5978 |   5610 |    368 |   1337 |   3680 |   5 | 1195.6 |
               +--------+--------+--------+--------+--------+-----+--------+

Top non-repeatable levels by time:
     D:4: 2272 daAuts
     D:2: 1112 daAuts
     D:3: 1066 daAuts
     D:1: 954 daAuts
     D:5: 573 daAuts
